 Dungeon Crawl Stone Soup version 0.32-a0-685-g93135e86f0 (console) character file.

Game seed: 13213737590555112406

203777 jejorda2 the Warrior (level 18, -22/153 HPs)
             Began as a Coglin Berserker on Mar 12, 2024.
             Was a High Priest of Trog.
             Blown up by an orb spider (46 damage)
             ... with an orb of destruction
             ... on level 4 of the Spider Nest.
             The game lasted 01:51:06 (33576 turns).

jejorda2 the Warrior (Coglin Berserker)            Turns: 33576, Time: 01:51:07

Health: -22/153    AC: 36    Str: 24    XL:     18   Next: 62%
Magic:  18/18      EV: 27    Int:  7    God:    Trog [*****.]
Gold:   2977       SH:  0    Dex: 15    Spells: 17/17 levels left

rFire   + . .        a - +5 demon trident (heavy) {Ishpreet}
rCold   . . .        b - +1 demon trident (venom) {Annika}
rNeg    . . .        M - +18 Lear's hauberk
rPois   .            (helmet currently unavailable)
rElec   +            A - +2 cloak
rCorr   .            (gloves currently unavailable)
SInv    .            (boots currently unavailable)
Will    +....        (amulet unavailable) Stlth
                     (ring unavailable)
HPRegen 0.45/turn    (ring unavailable)
MPRegen 0.16/turn    S - neodymium assembler {Rampage Acrobat rElec rF+}

%: acrobat, rampage
@: lethally poisoned (-22 -> -26), on berserk cooldown, acrobatic, slowed,
revved, very slow
A: off-hand wielding, slow wielding, warmup strikes, no jewellery, iridescent
scales 1, inability to read after injury 1
}: 1/15 runes: decaying
a: Renounce Religion, Berserk, Trog's Hand, Brothers in Arms


You were on level 4 of the Spider Nest.
You worshipped Trog.
Trog was extremely pleased with you.
You visited 5 branches of the dungeon, and saw 30 of its levels.
You also visited: Bailey and Gauntlet.

You collected 2977 gold pieces.

Inventory:

Hand Weapons
 a - a +5 heavy demon trident (weapon) {Ishpreet}
 b - a +1 demon trident of venom (offhand) {Annika}
 c - the +3 long sword "Ojeth" {holy, rF++ SInv}
   (You found it on level 3 of the Lair of Beasts)

   rF++:      It greatly protects you from fire.
   SInv:      It lets you see invisible.
Missiles
 f - 6 atropa-tipped darts
 i - 21 boomerangs
 u - 21 poisoned darts (quivered)
 L - 11 javelins
 U - 5 darts of dispersal
 V - 4 curare-tipped darts
Armour
 r - a +2 helmet
 A - a +2 cloak (worn)
 C - a +0 pair of gloves
 H - the +3 pair of seven-league boots {Rampage+∞}
   (You found it on level 1 of the Lair of Beasts)

   Rampage+∞: When moving toward enemies, its wearer moves as far as possible,
   alerting their target en route.
 M - the +18 Lear's hauberk (worn)
   (You took it off a minotaur in a Gauntlet)
 T - a +1 chain mail of cold resistance
 W - +0 swamp dragon scales
Gizmo
 S - a neodymium assembler (installed) {Rampage Acrobat rElec rF+}
   (You invented it yourself in a Gauntlet)

   [neodymium assembler]

   rF+:       It protects you from fire.
   rElec:     It insulates you from electricity.
   Rampage:   It bestows one free step when moving towards enemies.
   Acrobat:   It increases your evasion after moving or waiting.
Wands
 m - a wand of roots (56)
 w - a wand of mindburst (56)
 x - a wand of flame (42)
 y - a wand of paralysis (34)
 F - a wand of polymorph (23)
 R - a wand of acid (5)
Scrolls
 d - 3 scrolls of poison
 g - 6 scrolls of revelation
 h - 5 scrolls of immolation
 o - 4 scrolls of brand weapon
 q - a scroll of fog
 s - 2 scrolls of blinking
 t - 4 scrolls of teleportation
 v - 5 scrolls of fear
 B - 9 scrolls of identify
 K - 2 scrolls of vulnerability
 P - a scroll of summoning
Potions
 e - 13 potions of curing
 j - 5 potions of might
 k - 6 potions of heal wounds
 l - 4 potions of attraction
 n - 5 potions of lignification
 p - 4 potions of invisibility
 z - 2 potions of haste
 D - 8 potions of enlightenment
 I - 7 potions of ambrosia
 J - a potion of resistance
 Q - a potion of cancellation
Miscellaneous
 E - a sack of spiders
 G - a condenser vane (inert)
 N - a phial of floods
 O - a lightning rod (4/4)


   Skills:
 + Level 16.5 Fighting
 - Level 14.6 Polearms
 - Level 16.0 Throwing
 * Level 13.3 Armour
 - Level 6.1 Dodging
 - Level 12.6 Evocations


You had 17 spell levels left.
You didn't know any spells.
Your spell library was empty.

Dungeon Overview and Level Annotations

Branches:
Dungeon (15/15)            Temple (0/1) D:6            Lair (5/5) D:8
  Swamp (4/4) Lair:2       Spider (4/4) Lair:2        Slime (0/5) Lair:5
    Orc (2/2) D:9             Elf (0/3) Orc:2        Vaults (0/5) D:14
 Depths (0/4) D:15         Bailey (visited)         Gauntlet (visited)

Altars:
Ashenzari
Cheibriados
Dithmenos
Fedhas
Ru
Trog
Yredelemnul
Jiyva

Shops:
Orc:2 ?=:=


Innate Abilities, Weirdness & Mutations

You can wield a second weapon in your off-hand.
It takes a long time for you to wield or remove held weapons.
Your first few attacks do less damage.
You cannot equip rings or amulets.
You are partially covered in iridescent scales. (AC +2)
You occasionally lose the ability to read scrolls when taking damage.


Message History

The demonic crawler closely misses you.
The demonic crawler hits you but does no damage. x2
The demonic crawler closely misses you.
The demonic crawler hits you but does no damage. x2
Reach: a) +5 demon trident (heavy) {Ishpreet}
Press: ? - help, Dir - move target, f - orb spider
Aim: an orb spider (almost dead, very poisoned, about 25% to evade your +5 heavy demon trident)
You reach to attack!
You closely miss the orb spider with your +1 demon trident of venom.
The orb spider is almost dead.
You closely miss the orb spider with your +5 heavy demon trident.
You feel very sick.
The orb spider begins to weave its threads into a brightly glowing ball.
The orb spider spins a strand of pure energy.
The demonic crawler hits you.
* * * LOW HITPOINT WARNING * * *
The demonic crawler hits you but does no damage. x2
Unknown command.
Reach: a) +5 demon trident (heavy) {Ishpreet}
Press: ? - help, Dir - move target, f/p - orb spider
Aim: an orb spider (almost dead, fully charged, very poisoned, about 25% to evade your +5 heavy demon trident)
You reach to attack!
You puncture the orb spider with your +1 demon trident of venom!
You kill the orb spider!
Trog accepts your kill.
You feel sick.
The demonic crawler completely misses you. x2
The demonic crawler closely misses you.
The orb spider weaves a glowing orb of energy.
The demonic crawler hits you!
* * * LOW HITPOINT WARNING * * *
The demonic crawler hits you!
* * * LOW HITPOINT WARNING * * *
The demonic crawler hits you but does no damage.
An emperor scorpion comes into view.
An orb of destruction comes into view.
You feel sick.
The orb spider weaves a glowing orb of energy.
The orb of destruction hits you!!!
You die...

. .. s##.# ^..~ ##..## ~ss.#
##*○## #.s.†# ##○s## #@#..#
#...~# ##..## ##.^..##
###......###
#############....^...).##########
.#.................^.............
.............^...................
.....^.............).......^.....


You could see 2 demonic crawlers and 2 orb spiders.

Vanquished Creatures
  Mara (Spider:3)
  the Lernaean hydra (Swamp:4)
  Nikola (Spider:3)
  Mlioglotl (Spider:4)
  Kirke (D:12)
  A thorn hunter (Swamp:3)
  Donald (Orc:2)
  A frost giant (D:15)
  A fenstrider witch (Swamp:4)
  4 emperor scorpions
  The ghost of Titeimae the Brawler, a journeyman AtSh of Okawaru (Spider:4)
  A ghost moth (Spider:3)
  Nessos (D:12)
  4 eleionomae
  2 broodmothers
  5 bunyips
  Azrael (Spider:3)
  2 spark wasps
  A minotaur (Gauntlet)
  3 entropy weavers
  2 shambling mangroves
  4 vault guards (D:14)
  16 hydras
  An ogre mage (D:14)
  2 ghost crabs
  A radroach (Spider:4)
  7 boulder beetles
  A jorogumo (Spider:1)
  5 alligators
  2 death knights
  4 two-headed ogres
  7 death yaks
  A deep troll earth mage (D:15)
  A sphinx skeleton (D:15)
  5 centaur warriors
  8 demonic crawlers
  An occultist (D:15)
  3 orc high priests (Orc:2)
  A tengu warrior (D:15)
  3 skysharks
  5 pharaoh ants
  4 goliath frogs
  A sun moth (Spider:4)
  2 skeletal warriors (D:15)
  A flayed ghost (D:15)
  6 orb spiders
  11 swamp dragons
  6 spriggan druids
  3 bog bodies
  An arcanist (D:14)
  Pikel (D:7)
  5 steelbarb worms
  2 deep elf pyromancers
  A necromancer (D:15)
  A steelbarb worm (shapeshifter) (D:15)
  17 wolf spiders
  9 orc knights
  4 orc sorcerers (Orc:2)
  3 moths of wrath
  5 ugly things
  4 cyclopes
  6 will-o-the-wisps
  An oklob plant (Gauntlet)
  5 manticores
  11 elephants
  A guardian serpent (Lair:1)
  2 kobold blastminers (Orc:2)
  6 black mambas
  A cane toad (shapeshifter) (D:15)
  7 torpor snails
  3 gargoyles (D:14)
  12 cane toads
  2 efreet
  10 komodo dragons
  2 kobold demonologists (D:11)
  4 rime drakes
  A tengu conjurer (D:15)
  7 trolls
  9 polar bears
  9 tyrant leeches
  A wolf spider simulacrum (Gauntlet)
  14 hornets
  11 tarantellas
  14 blink frogs
  18 dream sheep
  2 spriggan zombies (D:15)
  26 jumping spiders
  A water elemental (D:10)
  15 culicivoras
  22 spriggans
  2 shadows
  58 yaks
  2 unseen horror simulacra (D:9)
  4 wraiths
  3 wyverns
  5 wargs
  3 humans (D:14)
  40 redbacks
  6 basilisks
  5 fire elementals (Spider:3)
  A neqoxec (Gauntlet)
  A steam dragon (D:8)
  11 vampire mosquitoes
  18 swamp worms
  3 chaos spawn (Gauntlet)
  5 acid dragons
  A hydra simulacrum (Gauntlet)
  A hell hound (Spider:3)
  10 swamp drakes
  11 water moccasins
  7 black bears
  4 laughing skulls (D:13)
  21 orc warriors
  2 sky beasts (D:7)
  5 ice beasts
  24 wolves
  A boggart (shapeshifter) (D:15)
  3 boggarts (Lair:5)
  7 ogres
  3 lemures (D:7)
  12 centaurs
  2 phantoms (D:4)
  3 kobold brigands
  Blork the orc (D:4)
  9 bullfrogs
  2 scorpions
  A hornet simulacrum (Gauntlet)
  13 wights
  6 killer bees (D:8)
  4 electric eels
  4 howler monkeys
  3 hounds (D:5)
  A bombardier beetle (D:2)
  3 jellies
  2 gnoll boudas
  26 orc priests
  An iguana (D:5)
  Natasha (thrice) (D:4)
  33 orc wizards
  2 centaur simulacra (D:9)
  8 adders
  14 gnolls
  A shadow imp (D:6)
  6 white imps
  7 ufetubi
  3 dart slugs
  A ribbon worm (D:3)
  85 orcs
  5 ball pythons
  2 endoplasms
  4 giant cockroaches
  11 goblins
  6 hobgoblins
  4 quokkas
  5 bats
  4 frilled lizards
  29 kobolds
  7 rats
1024 creatures vanquished.

Vanquished Creatures (collateral kills)
  A boulder beetle (Lair:1)
  A yak (Lair:5)
  A water moccasin (Lair:1)
3 creatures vanquished.

Vanquished Creatures (others)
  A cane toad (Lair:1)
  A tarantella (Spider:4)
  A human (D:12)
  An orc wizard (Orc:2)
  30 foxfires
34 creatures vanquished.

Grand Total: 1061 creatures vanquished

Notes
Turn   | Place    | Note
-------+----------+-------------------------------------------
     0 | D:1      | jejorda2 the Coglin Berserker began the quest for the Orb.
     0 | D:1      | Reached XP level 1. HP: 18/18 MP: 1/1
   271 | D:1      | Reached XP level 2. HP: 24/24 MP: 2/2
   525 | D:2      | Noticed a bombardier beetle
   535 | D:2      | Killed a bombardier beetle
   536 | D:2      | Reached XP level 3. HP: 26/29 MP: 3/3
   700 | D:2      | Reached XP level 4. HP: 32/37 MP: 4/4
  1012 | D:2      | Found a blossoming altar of Fedhas.
  1440 | D:3      | Reached ** piety under Trog
  1588 | D:3      | Reached XP level 5. HP: 42/42 MP: 5/5
  1591 | D:3      | Found a shadowy altar of Dithmenos.
  1631 | D:3      | You fall into a shaft and drop 3 floors!
  1784 | D:6      | Reached skill level 5 in Polearms
  1787 | D:6      | Reached XP level 6. HP: 28/49 MP: 6/6
  1971 | D:5      | Entered Level 5 of the Dungeon
  2280 | D:3      | Found a basalt altar of Yredelemnul.
  2393 | D:4      | Noticed Natasha
  2401 | D:4      | Killed Natasha
  2441 | D:4      | Found a broken altar of Ashenzari.
  2561 | D:4      | Noticed Natasha
  2566 | D:4      | Killed Natasha
  2567 | D:4      | Reached skill level 5 in Fighting
  2593 | D:4      | Reached XP level 7. HP: 55/56 MP: 7/7
  2795 | D:4      | Noticed Blork the orc
  2800 | D:4      | Killed Blork the orc
  2915 | D:4      | Noticed Natasha
  2924 | D:4      | Killed Natasha
  3372 | D:5      | Reached XP level 8. HP: 64/64 MP: 8/8
  3372 | D:5      | Reached *** piety under Trog
  3498 | D:5      | Reached skill level 1 in Evocations
  3825 | D:6      | Found a sacrificial altar of Ru.
  4017 | D:6      | Found a staircase to the Ecumenical Temple.
  4183 | D:7      | Reached XP level 9. HP: 69/69 MP: 9/9
  4191 | D:7      | Reached skill level 5 in Evocations
  4329 | D:7      | Noticed Pikel
  4348 | D:7      | Killed Pikel
  4352 | D:7      | Reached skill level 10 in Polearms
  4368 | D:7      | Reached **** piety under Trog
  4493 | D:7      | Identified the +0 pair of boots of the Arcane {*Corrode
                  | rN+++ Int+2 Stlth+}
  4585 | D:7      | Found a bloodstained altar of Trog.
  4622 | D:7      | Identified the +2 flail "Xoynt" {speed, rN+ Str-5 Int+3}
  4796 | D:8      | Noticed a two-headed ogre
  4799 | D:8      | Reached XP level 10. HP: 76/76 MP: 10/10
  4804 | D:8      | Killed a two-headed ogre
  4879 | D:8      | Found a flagged portal.
  4886 | Bailey   | Entered a bailey
  5594 | D:8      | Found a staircase to the Lair.
  6141 | D:9      | Reached ***** piety under Trog
  6203 | D:9      | Found a staircase to the Orcish Mines.
  6330 | D:9      | Reached XP level 11. HP: 60/81 MP: 11/11
  7438 | Lair:1   | Entered Level 1 of the Lair of Beasts
  7621 | Lair:1   | Reached skill level 5 in Armour
  7973 | Lair:1   | Reached skill level 1 in Throwing
  8406 | Lair:1   | Noticed a boulder beetle
  8418 | Lair:1   | Killed a boulder beetle
  8422 | Lair:1   | Noticed a skyshark
  8431 | Lair:1   | Killed a skyshark
  8432 | Lair:1   | Reached skill level 5 in Throwing
  8432 | Lair:1   | Reached XP level 12. HP: 81/88 MP: 12/12
  8545 | Lair:1   | Noticed a boulder beetle
  8559 | Lair:1   | Killed a boulder beetle
  8602 | Lair:1   | Found the +3 pair of seven-league boots {Rampage+∞}
  9186 | Lair:2   | Reached skill level 5 in Dodging
  9444 | Lair:2   | Found a hole to the Spider Nest.
  9456 | Lair:2   | Received a gift from Trog
  9930 | Lair:2   | Reached XP level 13. HP: 73/95 MP: 13/13
  9989 | Lair:2   | Found a staircase to the Swamp.
 10696 | Lair:3   | Identified the +3 long sword "Ojeth" {holy, rF++ SInv}
 10788 | Lair:3   | Reached skill level 10 in Throwing
 12359 | Lair:4   | Received a gift from Trog
 12764 | Lair:5   | Entered Level 5 of the Lair of Beasts
 12828 | Lair:5   | Reached XP level 14. HP: 101/108 MP: 14/14
 12855 | Lair:5   | Found a staircase to the Slime Pits.
 12855 | Lair:5   | Found a viscous altar of Jiyva.
 12864 | Lair:5   | Found a gate leading to a gauntlet.
 12876 | Gauntlet | Entered a Gauntlet
 12876 | Gauntlet | Found a transporter.
 12925 | Gauntlet | Found a transporter.
 12940 | Gauntlet | Found a transporter.
 12945 | Gauntlet | Found a transporter.
 12960 | Gauntlet | Found a transporter.
 12979 | Gauntlet | Found a transporter.
 12987 | Gauntlet | Found a large runed translucent door.
 12988 | Gauntlet | Found a large runed translucent door.
 12989 | Gauntlet | Found a large runed translucent door.
 12989 | Gauntlet | Found a large runed translucent door.
 12990 | Gauntlet | Found a runed translucent gate.
 12991 | Gauntlet | Found a transporter.
 12991 | Gauntlet | Found a runed translucent gate.
 12992 | Gauntlet | Found a runed translucent gate.
 12993 | Gauntlet | Found a large runed translucent door.
 12993 | Gauntlet | Found a large runed translucent door.
 12994 | Gauntlet | Found a large runed translucent door.
 12995 | Gauntlet | Found a large runed translucent door.
 13003 | Gauntlet | Found a transporter.
 13007 | Gauntlet | Noticed a reaper
 13015 | Gauntlet | Found a transporter.
 13021 | Gauntlet | Found a transporter.
 13021 | Gauntlet | Found a transporter.
 13039 | Gauntlet | Found a transporter.
 13053 | Gauntlet | Found a transporter.
 13073 | Gauntlet | Found a transporter.
 13098 | Gauntlet | Found a transporter.
 13100 | Gauntlet | Found a transporter.
 13120 | Gauntlet | Found a transporter.
 13194 | Gauntlet | Found a large runed translucent door.
 13194 | Gauntlet | Found a large runed translucent door.
 13194 | Gauntlet | Found a runed translucent door.
 13194 | Gauntlet | Found a runed translucent door.
 13195 | Gauntlet | Found a large runed translucent door.
 13196 | Gauntlet | Found a large runed translucent door.
 13198 | Gauntlet | Found a transporter.
 13214 | Gauntlet | Found a large runed translucent door.
 13214 | Gauntlet | Found a large runed translucent door.
 13215 | Gauntlet | Found a large runed translucent door.
 13216 | Gauntlet | Found a large runed translucent door.
 13222 | Gauntlet | Found the amulet of the Four Winds {rN+ Will+++ Clar}
 13361 | Gauntlet | Gained mutation: You sometimes lose your temper in combat.
                  | [a neqoxec]
 13437 | Gauntlet | Identified the amulet of Uhun {Acrobat rCorr Int+6}
 13567 | Gauntlet | Identified the +4 tower shield of Nafiemiarph {Str+8}
 13579 | Gauntlet | Acquired a neodymium assembler {Rampage Acrobat rElec rF+}
 13770 | Lair:5   | Reached skill level 10 in Fighting
 13922 | Lair:5   | Lost mutation: You sometimes lose your temper in combat.
                  | [potion of mutation]
 13922 | Lair:5   | Gained mutation: You occasionally lose the ability to read
                  | scrolls when taking damage. [potion of mutation]
 13922 | Lair:5   | Gained mutation: You are partially covered in iridescent
                  | scales. (AC +2) [potion of mutation]
 14417 | Lair:5   | Received a gift from Trog
 15375 | D:10     | Entered Level 10 of the Dungeon
 15585 | D:10     | Found a snail-covered altar of Cheibriados.
 15589 | D:10     | Identified the +3 ring mail of Mowkuj {rElec rF+ rN++
                  | Will-}
 16535 | D:12     | Noticed Kirke
 16542 | D:12     | Killed Kirke
 16543 | D:12     | Reached XP level 15. HP: 117/117 MP: 15/15
 16803 | D:12     | Noticed Nessos
 16810 | D:12     | Killed Nessos
 18460 | D:14     | Reached skill level 10 in Evocations
 18715 | D:14     | Found a gate to the Vaults.
 18829 | D:15     | Entered Level 15 of the Dungeon
 19027 | D:15     | Reached skill level 15 in Throwing
 19337 | D:15     | Found a runed translucent door.
 19535 | D:15     | Found a staircase to the Depths.
 20066 | D:15     | Noticed a frost giant
 20080 | D:15     | Killed a frost giant
 20473 | D:15     | Found a staircase to the Depths.
 21127 | Orc:1    | Entered Level 1 of the Orcish Mines
 21291 | Orc:2    | Entered Level 2 of the Orcish Mines
 21419 | Orc:2    | Reached XP level 16. HP: 106/127 MP: 16/16
 21433 | Orc:2    | Found a staircase to the Elven Halls.
 21561 | Orc:2    | Noticed Donald
 21583 | Orc:2    | Killed Donald
 21877 | Orc:2    | Received a gift from Trog
 21898 | Orc:2    | Found Weiseck's Jewellery Shop.
 21932 | Orc:2    | Found Sycet's Jewellery Shoppe.
 21941 | Orc:2    | Found Pokofet's Magic Scroll Shoppe.
 21943 | Orc:2    | Found Ides Guth's Book Shop.
 23091 | Spider:1 | Entered Level 1 of the Spider Nest
 23699 | Spider:1 | Reached ****** piety under Trog
 25922 | Spider:3 | Noticed Mara
 26042 | Swamp:1  | Entered Level 1 of the Swamp
 26168 | Swamp:1  | Reached XP level 17. HP: 79/137 MP: 17/17
 26565 | Swamp:1  | Received a gift from Trog
 27729 | Swamp:2  | Reached skill level 10 in Armour
 29496 | Swamp:4  | Entered Level 4 of the Swamp
 29934 | Swamp:4  | Received a gift from Trog
 29942 | Swamp:4  | Paralysed by a fenstrider witch for 2 turns
 30154 | Swamp:4  | Noticed the 27-headed Lernaean hydra
 30166 | Swamp:4  | Killed the 27-headed Lernaean hydra
 30500 | Swamp:4  | Reached skill level 15 in Fighting
 31084 | Swamp:4  | Reached XP level 18. HP: 149/149 MP: 18/18
 31140 | Swamp:4  | Got a decaying rune of Zot
 31465 | Spider:3 | Noticed Azrael
 31486 | Spider:3 | Killed Azrael
 31497 | Spider:3 | Received a gift from Trog
 31570 | Spider:3 | Noticed Nikola
 31863 | Spider:3 | Killed Nikola
 32020 | Spider:3 | Killed Mara
 32401 | Spider:4 | Entered Level 4 of the Spider Nest
 32401 | Spider:4 | Noticed Mlioglotl
 32441 | Spider:4 | Killed Mlioglotl
 32546 | Spider:4 | Identified the +5 rapier of the Mind {freeze, Str+6}
 32942 | Spider:4 | Identified the +12 trident of Accidental Termination
                  | {flame, Will- Str+4 Dex+4} (Trog gifted it to you on level
                  | 4 of the Spider Nest)
 32942 | Spider:4 | Received a gift from Trog
 33103 | Spider:4 | Found a runed translucent door.
 33103 | Spider:4 | Noticed Titeimae's ghost (journeyman AtSh)
 33115 | Spider:4 | Killed Titeimae's ghost
 33117 | Spider:4 | Identified the +4 scimitar "Esiprayg" {freeze, rF++ Will+
                  | Int-5 Dex+2}
 33576 | Spider:4 | Blown up by an orb spider

Illustrated notes

Levels and vault maps discovered:
D:1:      ebering_trefoil_twist, layout_basic
D:2:      layout_basic, basic_altar, hangedman_decor_push, minmay_crystal_room,
          eino_curves_02
D:3:      layout_rooms, mainiacjoe_overflow_surrounded_room, marbit_many_paths,
          due_unseen_surprise
D:4:      layout_cave_pods, mainiacjoe_overflow_catwalk, uniq_natasha,
          uniq_blork_the_orc
D:5:      layout_gridville
D:6:      layout_rooms, nicolae_overflow_crystal_walls, temple_hall,
          minmay_misc_feat_pillars
D:7:      layout_basic, kennysheep_little_box, uniq_pikel
D:8:      layout_loops_ring, lair_entry_dummy, enter_bailey_2,
          minmay_statues_item
D:9:      layout_loops_ring, erik_orc_4, serial_ice, serial_ice_l, serial_ice_c,
          serial_ice_f, serial_ice_b, serial_ice_a, serial_ice_n, serial_ice_o
D:10:     layout_rooms, amcnicky_altar_gilded
D:11:     nicolae_hitomezashi [nicolae_hito_row, nicolae_hito_row,
          nicolae_hito_row, nicolae_hito_row, nicolae_hito_row,
          nicolae_hito_row, nicolae_hito_row, nicolae_hito_row,
          nicolae_hito_row, nicolae_hito_row, nicolae_hito_row,
          nicolae_hito_row, nicolae_hito_row, nicolae_hito_row,
          nicolae_hito_row, nicolae_hito_row, nicolae_hito_row,
          nicolae_hito_row], layout_basic
D:12:     layout_cave_pools, minmay_hedge_maze, uniq_kirke, uniq_nessos
D:13:     layout_roguey
D:14:     layout_irregular_city, grunt_vaults_entry_fortified,
          nicolae_elevator_lobby_asterisk
D:15:     gammafunk_depths_entry_grave, layout_basic, serial_bayou_pond_d,
          minivault_13
Lair:1:   layout_cave_pods, hellmonk_guarded_unrand_seven_league_boots
Lair:2:   layout_roguey, nicolae_swamp_entry_splash_gauntlet,
          dummy_spider_entry, grunt_megastairs_4
Lair:3:   layout_cave_pods
Lair:4:   layout_gridlike
Lair:5:   minmay_lair_end_enchanted_forest, layout_regular_city, slime_entry_1,
          gauntlet_entry_generic
Swamp:1:  nicolae_swamp_wrong_neighborhood, layout_basic_swamp,
          evilmike_swamp_ruin_rubble_2
Swamp:2:  layout_basic_swamp, nicolae_swamp_bean_lake, st_swamp_ruins_2
Swamp:3:  layout_basic_swamp, hangedman_swamp_ruin_hall,
          infiniplex_staircase_pool
Swamp:4:  swamp, layout_basic_swamp
Spider:1: layout_cave_pods, hive_lemuel
Spider:2: layout_spider_delve
Spider:3: layout_spider_delve, uniq_mara, uniq_azrael, uniq_nikola
Spider:4: guppyfry_spider_rune, gammafunk_ghost_grave, uniq_mlioglotl
Orc:1:    layout_diamond_mine
Orc:2:    st_orc_elflike, layout_diamond_mine, uniq_donald

Skill      XL: |  1  2  3  4  5  6  7  8  9 10 11 12 13 14 15 16 17 18 |
---------------+-------------------------------------------------------+-----
Polearms       | 3 4 5 6 7 8 11 13 14 | 14.6
Fighting       | 4 5 6 9 10 12 13 15 16 | 16.5
Evocations     | 4 6 9 11 12 | 12.6
Armour         | 4 6 8 12 13 | 13.3
Throwing       | 5 9 12 14 15 16 | 16.0
Dodging        | 4 6 |  6.1

Action                     |  1- 3 |  4- 6 |  7- 9 | 10-12 | 13-15 | 16-18 || total
---------------------------+-------+-------+-------+-------+-------+-------++-------
  Melee: Spear             |    44 |    98 |     5 |       |       |       ||   147
         Dagger            |    32 |    23 |       |       |       |       ||    55
         Demon trident     |       |    79 |   188 |   514 |  1259 |  1617 ||  3657
         Trident           |       |       |   169 |   499 |   203 |       ||   871
  Throw: Boomerang         |       |       |       |     3 |    15 |   147 ||   165
         Dart              |       |       |       |    60 |    37 |    24 ||   121
         Javelin           |       |       |       |       |       |     8 ||     8
 Invoke: Trog's Hand       |       |     4 |     1 |     6 |    12 |     5 ||    28
         Berserk           |       |     1 |     4 |     3 |     8 |    11 ||    27
         Brothers in Arms  |       |       |       |     1 |     1 |       ||     2
Ability: Invent Gizmo      |       |       |       |       |     1 |       ||     1
  Evoke: Wand              |       |       |     1 |     1 |     4 |     1 ||     7
         Lightning rod     |       |       |       |       |       |     2 ||     2
         Phial of floods   |       |       |       |       |       |     1 ||     1
         Condenser vane    |       |       |       |       |       |     1 ||     1
    Use: Scroll            |       |       |     3 |    19 |    11 |     7 ||    40
         Potion            |       |       |       |     1 |     1 |     1 ||     3
   Stab: Distracted        |       |       |       |       |     1 |       ||     1
         Paralysed         |       |       |       |       |     8 |     1 ||     9
 Armour: Scale mail        |    17 |    38 |       |       |       |       ||    55
         Animal skin       |     2 |       |       |       |       |       ||     2
         Chain mail        |       |    14 |    97 |    27 |   300 |   578 ||  1016
         Plate armour      |       |       |       |   290 |   133 |       ||   423
         Swamp dragon scal |       |       |       |       |       |   206 ||   206
  Dodge: Dodged            |    13 |    36 |    31 |   112 |   254 |   475 ||   921

Table legend: (Time is in decaauts)
 A = Elapsed time spent in this place.
 B = Non-inter-level travel time spent in this place.
 C = Inter-level travel time spent in this place.
 D = Time resting spent in this place.
 E = Time spent auto-exploring this place.
 F = Levels seen in this place.
 G = Mean time per level.
                   A        B        C        D        E       F      G
               +--------+--------+--------+--------+--------+-----+--------+
         Total |  33419 |  31112 |   2307 |   4986 |  20370 |  32 | 1044.3 |
       Dungeon |  12891 |  11711 |   1180 |    558 |   9068 |  15 |  859.4 |
          Lair |   7238 |   6769 |    469 |   1299 |   4211 |   5 | 1447.6 |
         Swamp |   5392 |   5065 |    327 |   1249 |   3061 |   4 | 1348.0 |
   Spider Nest |   5051 |   4829 |    222 |   1545 |   2403 |   4 | 1262.8 |
  Orcish Mines |   1802 |   1695 |    107 |    238 |   1152 |   2 |  901.0 |
        Bailey |    315 |    315 |      0 |      0 |    136 |   1 |  315.0 |
      Gauntlet |    728 |    728 |      0 |     94 |    338 |   1 |  728.0 |
               +--------+--------+--------+--------+--------+-----+--------+

Top non-repeatable levels by time:
    D:15: 2083 daAuts
  Lair:5: 1808 daAuts
Spider:1: 1764 daAuts
  Lair:1: 1754 daAuts
 Swamp:1: 1737 daAuts
 Swamp:4: 1733 daAuts
Spider:2: 1315 daAuts
  Lair:2: 1302 daAuts
  Lair:4: 1247 daAuts
     D:9: 1151 daAuts
Spider:4: 1134 daAuts
  Lair:3: 1125 daAuts
   Orc:2: 1073 daAuts
     D:4: 1059 daAuts
 Swamp:3: 1036 daAuts
